Map: Port Aleksander LE

Players

Bly - Winner!

  • Race: Zerg Zerg
  • Spawn Location: 5:00

Zanster

  • Race: Zerg Zerg
  • Spawn Location: 11:00

Event: 2019 WCS Spring

VOD

Have the link to the VOD?

Description

Time

  • Played on: May 18, 2019, 6:22 a.m.
  • Length: 15:23

All games in this series

Show
View Real Time Build Order
Export as new Build Order

Bly Zerg - Winner!

Build Orders: Pool First 

Get SALT Encoding   

  12  0:18  Spawning Pool  
  11  0:22  Drone  
  11  0:27  Drone  
  13  0:35  Drone  
  14  0:42  Overlord  
  14  1:05  Zergling x4  
  14  1:06  Zergling x2  
  17  1:16  Zergling x2  
  18  1:22  Hatchery  
  17  1:27  Zergling x2  
  18  1:45  Zergling x2  
  18  1:46  Queen  
  21  1:50  Zergling x2  
  22  2:01  Overlord  
  22  2:21  Queen, Drone x2  
  25  2:33  Queen, Drone  
  28  2:38  Drone  
  25  2:53  Drone  
  25  2:54  Drone x2  
  28  2:58  Drone x3  
  28  3:02  Extractor  
  28  3:05  Drone  
  30  3:07  Drone  
  31  3:15  Overlord  
  31  3:20  Drone x2  
  31  3:26  Extractor  
  32  3:29  Drone  
  32  3:30  Drone x2  
  35  3:38  Drone x3  
  35  3:41  Drone x2  
  39  3:56  Drone x2  
  39  3:57  Drone  
  42  4:04  Drone x2  
  42  4:06  Lair  
  42  4:08  Extractor  
  43  4:12  Overlord  
  43  4:13  Overlord  
  43  4:15  Drone  
  44  4:23  Roach Warren  
  43  4:25  Evolution Chamber  
  43  4:26  Drone x2  
  43  4:28  Overlord  
  43  4:29  Overlord  
  44  4:39  Zergling x4  
  44  4:41  Drone x3  
  49  4:53  Zerg Missile Weapons Level 1  
  49  4:55  Hatchery  
  48  5:04  Glial Reconstitution  
  48  5:08  Overseer  
  48  5:12  Overlord  
  48  5:13  Roach x3  
  56  5:14  Roach  
  56  5:17  Roach  
  58  5:23  Roach x2  
  62  5:34  Roach x4  
  70  5:43  Evolution Chamber  
  67  5:50  Roach  
  67  5:51  Roach x5  
  67  5:55  Burrow  
  80  6:07  Extractor  
  80  6:10  Drone x3  
  82  6:11  Drone  
  82  6:12  Overlord, Drone  
  82  6:14  Zerg Ground Armor Level 1  
  84  6:19  Overlord  
  84  6:22  Overlord  
  84  6:30  Tunneling Claws  
  84  6:38  Roach x6  
  96  6:48  Roach x3  
  96  6:51  Overseer  
  102  6:56  Drone  
  102  6:59  Roach x2  
  102  7:00  Overlord  
  107  7:09  Zerg Missile Weapons Level 2  
  107  7:17  Hatchery  
  106  7:27  Roach x5  
  106  7:29  Overlord x2  
  116  7:47  Roach  
  116  7:48  Roach x3  
  116  7:49  Overlord  
  124  7:56  Roach x9  
  124  7:58  Overlord  
  124  8:05  Roach x2  
  124  8:11  Roach x7  
  132  8:17  Roach  
  132  8:18  Roach x5  
  122  8:27  Roach  
  122  8:28  Roach  
  114  8:39  Roach x7  
  118  8:47  Roach x3  
  112  8:52  Roach x12  
  112  8:53  Roach x2  
  116  9:00  Roach x7  
  130  9:19  Roach x5  
  130  9:20  Overlord, Roach  
  130  9:21  Roach x3  
  130  9:23  Overlord  
  140  9:34  Roach x18  
  124  9:54  Roach  
  124  9:55  Roach x10  
  124  9:59  Roach x3  
  124  10:12  Drone  
  124  10:13  Drone x7  
  118  10:31  Extractor  
  118  10:32  Extractor, Spire  
  111  10:38  Roach x7  
  111  10:39  Roach x3  
  123  10:50  Roach x3  
  123  10:53  Roach x5  
  129  11:04  Roach  
  121  11:27  Roach x34, Drone x2  
  121  11:28  Drone x4  
  121  11:46  Mutalisk x11  
  141  11:48  Roach x28  
  143  11:55  Mutalisk x2  
  147  12:08  Roach x3  
  121  12:16  Zerg Flyer Weapons Level 1  
  121  12:18  Roach x4  
  127  12:23  Hatchery  
  127  12:25  Roach  
  127  12:26  Roach x2  
  116  12:30  Roach x4  
  120  12:44  Roach x5  
  126  12:56  Roach x4  
  116  13:10  Mutalisk  
  116  13:11  Mutalisk x2  
  100  13:20  Mutalisk x2  
  89  13:30  Mutalisk x3  
  92  13:45  Mutalisk x2  
  104  13:55  Roach x7  
  104  13:56  Roach x4  
  104  14:07  Roach x5  
  110  14:21  Roach x5  
  104  14:33  Roach x5  
  102  14:48  Roach x5  
  98  14:58  Roach  
  98  14:59  Roach x2  
  98  15:10  Drone x3  
Show
View Real Time Build Order
Export as new Build Order

Zanster Zerg 

Build Orders: Hatch First 

Get SALT Encoding   

  12  0:00  Drone  
  13  0:13  Overlord  
  13  0:18  Drone  
  14  0:31  Drone x2  
  16  0:49  Hatchery  
  15  0:52  Drone  
  15  0:56  Drone  
  17  0:59  Drone  
  18  1:11  Extractor  
  18  1:15  Spawning Pool  
  18  1:18  Drone  
  17  1:21  Drone  
  18  1:29  Drone  
  19  1:39  Drone  
  20  1:51  Drone  
  21  2:02  Queen  
  21  2:04  Zergling x4  
  21  2:05  Queen  
  27  2:15  Zergling x2  
  26  2:30  Zergling x2  
  26  2:34  Overlord  
  26  2:35  Drone  
  27  2:50  Drone x2  
  23  2:53  Drone  
  23  2:57  Drone  
  24  3:01  Drone  
  24  3:04  Drone  
  26  3:06  Drone  
  27  3:18  Drone  
  27  3:19  Queen  
  30  3:20  Drone  
  30  3:24  Overlord  
  30  3:26  Drone  
  32  3:39  Overlord  
  32  3:44  Drone x4  
  35  3:57  Drone x4  
  35  4:01  Drone  
  40  4:03  Extractor  
  40  4:07  Drone  
  40  4:08  Evolution Chamber  
  39  4:10  Roach Warren, Drone  
  39  4:18  Drone  
  39  4:24  Zergling x2  
  41  4:29  Evolution Chamber, Zergling x2, Drone  
  41  4:30  Drone x2  
  44  4:32  Overlord x2  
  44  4:37  Zerg Ground Armor Level 1  
  44  4:47  Hatchery  
  44  4:48  Drone  
  44  4:56  Drone  
  44  4:59  Zerg Melee Weapons Level 1  
  45  5:01  Zergling x10  
  50  5:07  Zergling x2  
  50  5:08  Zergling x4  
  50  5:11  Overlord  
  53  5:17  Zergling x2  
  53  5:18  Zergling x4  
  53  5:19  Metabolic Boost  
  55  5:35  Overlord  
  55  5:37  Zergling x14  
  55  5:42  Queen  
  63  5:50  Drone  
  63  5:52  Lair  
  63  5:55  Overlord  
  64  6:01  Hatchery  
  63  6:07  Drone  
  63  6:08  Drone x4  
  63  6:10  Drone  
  69  6:11  Drone  
  69  6:17  Overlord  
  70  6:26  Drone x3  
  70  6:29  Roach  
  70  6:30  Roach x3  
  70  6:32  Roach  
  83  6:35  Zerg Missile Weapons Level 1  
  83  6:43  Roach x3  
  89  6:49  Roach  
  89  6:50  Roach  
  89  6:52  Overlord  
  91  7:00  Zergling x12  
  97  7:06  Overlord  
  97  7:10  Glial Reconstitution  
  97  7:20  Drone  
  97  7:21  Drone x3  
  97  7:22  Roach x3  
  107  7:26  Overlord  
  107  7:32  Roach x3  
  112  7:39  Roach x3  
  112  7:43  Zergling x2  
  119  7:45  Overlord  
  119  7:50  Overseer  
  119  7:51  Overseer  
  119  7:55  Roach, Zergling x8  
  119  7:56  Zergling x6  
  127  8:11  Roach, Zergling x2  
  127  8:12  Zergling x22  
  130  8:18  Roach  
  130  8:19  Roach x2  
  121  8:24  Roach, Zergling x4  
  117  8:28  Queen  
  117  8:30  Roach  
  117  8:32  Roach  
  108  8:37  Roach x2, Zergling x2  
  108  8:39  Zergling x10  
  106  8:44  Roach, Zergling x2  
  102  8:49  Roach, Zergling x2  
  102  8:51  Extractor  
  102  8:53  Extractor  
  102  8:55  Roach x2  
  107  9:00  Roach  
  107  9:01  Overlord  
  107  9:02  Drone x2  
  111  9:09  Drone x3  
  114  9:12  Roach x3, Zergling x2  
  114  9:13  Zergling x2  
  114  9:16  Extractor  
  123  9:17  Roach  
  123  9:18  Zergling x2  
  123  9:19  Zergling x4  
  123  9:21  Overlord  
  126  9:30  Overseer  
  125  9:34  Roach x4  
  125  9:46  Roach x3  
  125  9:47  Roach x3, Zergling x2  
  134  9:55  Roach x4, Zergling x6  
  136  10:03  Queen  
  123  10:15  Roach x8, Zergling x2  
  140  10:22  Drone x6  
  140  10:27  Zerg Missile Weapons Level 2  
  144  10:33  Roach x3  
  150  10:46  Roach x2  
  150  10:48  Overlord  
  152  10:55  Overlord  
  150  11:03  Roach x2, Zergling x2  
  151  11:04  Overlord  
  151  11:05  Overlord  
  151  11:16  Roach x9  
  165  11:21  Pneumatized Carapace  
  165  11:22  Drone x3  
  167  11:28  Roach  
  167  11:29  Roach x2  
  173  11:41  Hydralisk Den  
  173  11:43  Drone x2  
  173  11:46  Roach x4  
  180  11:54  Drone x4  
  168  12:03  Overseer  
  162  12:09  Hydralisk  
  162  12:10  Hydralisk x3, Roach  
  162  12:13  Drone  
  162  12:14  Drone x2  
  157  12:18  Hydralisk  
  157  12:19  Hydralisk  
  161  12:28  Roach x4  
  163  12:42  Hydralisk  
  163  12:43  Hydralisk x2  
  163  12:49  Spore Crawler  
  159  12:53  Hydralisk x3  
  159  12:58  Drone x3  
  164  13:03  Roach x2  
  156  13:12  Roach x4  
  138  13:23  Hydralisk x3  
  118  13:31  Roach x4  
  114  13:43  Roach x5  
  118  13:55  Overseer  
  118  13:57  Roach x6  
  128  14:02  Hydralisk  
  128  14:03  Hydralisk  
  125  14:21  Roach x4  
  125  14:22  Roach x3  
  113  14:37  Hydralisk  
  113  14:38  Hydralisk x3  
  102  14:46  Hydralisk  
  102  14:47  Hydralisk  
  80  15:06  Drone  
  80  15:07  Drone  
Tags
 
Add a new tag
Caveats
  • Supply blocks, unpowered buildings, or Contaminate may cause inaccurate times.
  • Supply counts are checked every 10 seconds.